 Dungeon Crawl Stone Soup version 0.17-a0-1913-g47c5406 (webtiles) character file.

310 Geeful the Ruffian (level 6, -4/51 HPs)
             Began as a Human Wanderer on Sept 26, 2015.
             Killed by divine providence
             ... invoked by an orc priest
              (13 damage)
             ... on level 4 of the Dungeon.
             The game lasted 00:09:58 (3658 turns).

Geeful the Ruffian (Human Wanderer)                 Turns: 3658, Time: 00:09:58

Health: -4/51      AC:  7    Str: 17    XL:     6   Next: 70%
Magic:  6/6        EV: 10    Int: 13    God:
Gold:   124        SH:  0    Dex: 11    Spells: 0 memorised, 5 levels left

rFire  . . .     SeeInvis .       - Unarmed
rCold  . . .     Clarity  .     g - +0 ring mail
rNeg   . . .     SustAt   .     (no shield)
rPois  .         Gourm    .     (no helmet)
rElec  .         Spirit   .     (no cloak)
rCorr  .         Warding  .     (no gloves)
rMut   .         Stasis   .     i - +0 pair of boots
MR     .....                    (no amulet)
Stlth  +.........               (no ring)
                                (no ring)

@: not resistant to hostile enchantments, very unstealthy
A: robust 1, shaggy fur 1, strong 1
a: no special abilities


You were on level 4 of the Dungeon.
You were very hungry.

You visited 1 branch of the dungeon, and saw 4 of its levels.

You collected 124 gold pieces.

Inventory:

Missiles
 l - 8 poisoned needles (quivered)
 n - 8 curare-tipped needles
 s - 35 bolts
Armour
 e - a +0 robe
 g - a +0 ring mail (worn)
 h - a +0 scale mail
 i - a +0 pair of boots (worn)
Magical devices
 t - a wand of slowing (21)
Scrolls
 a - 2 scrolls of random uselessness
 b - a scroll of noise {unknown}
 d - 2 scrolls of teleportation
 j - a scroll of enchant armour {unknown}
 m - a scroll of recharging {unknown}
 o - a scroll of blinking {unknown}
 q - a scroll of remove curse {unknown}
 r - a scroll of identify
 u - a scroll of fog {unknown}
Potions
 c - a potion of cancellation
 k - 2 potions of curing {unknown}
 p - a potion of flight {unknown}
 w - a potion of magic {unknown}
Comestibles
 f - 2 bread rations
 v - a meat ration
 z - a slice of pizza


   Skills:
 - Level 3.0 Fighting
   Level 2.0 Crossbows
 - Level 1.0 Throwing
 - Level 2.0 Armour
 - Level 1.0 Stealth
 + Level 6.3 Unarmed Combat


You had 5 spell levels left.
You didn't know any spells.

Dungeon Overview and Level Annotations

Branches:
Dungeon (4/15)
 Temple: D:4-7

Altars:
Ashenzari
Dithmenos
Okawaru
Sif Muna
Vehumet


Innate Abilities, Weirdness & Mutations

You are robust (+10% HP).
You are covered in fur (AC +1).
Your muscles are strong. (Str +2)


Message History

You are feeling very hungry.
You hit the orc priest.
The orc priest is heavily wounded.
The orc priest invokes the aid of Beogh against you.
Pain shoots through your body!
You are too injured to fight recklessly!
You closely miss the orc priest.
The orc priest is heavily wounded.
The orc priest hits you.
* * * LOW HITPOINT WARNING * * *
You closely miss the orc priest.
The orc priest is heavily wounded.
The orc priest invokes the aid of Beogh against you.
Pain shoots through your body!
* * * LOW HITPOINT WARNING * * *
You hit the orc priest.
The orc priest is almost dead.
The orc priest calls down the wrath of Beogh upon you.
Something smites you!
You die...

#.....#
#.....#
#.[...#
#.....#
.....
(.. #o#
##@###
##.(.(##
#...<.(#
#......#
##....##
###.##
#.. ##.
##


You could see an orc priest.

Vanquished Creatures
  A hippogriff (D:3)
  Natasha (D:3)
  5 adders
  6 oozes
  2 worms (D:2)
  4 giant geckos
  4 orcs
  2 ball pythons
  3 bats
  4 giant cockroaches
  3 goblins
  15 hobgoblins
  4 jackals (D:3)
  A quokka (D:2)
  3 giant newts
  4 kobolds
  A quokka zombie (D:3)
  3 rats
66 creatures vanquished.

Notes
Turn   | Place    | Note
--------------------------------------------------------------
     0 | D:1      | Geeful the Human Wanderer began the quest for the Orb.
     0 | D:1      | Geeful set off with: a +2 hand crossbow, 28 bolts, a potion of lignification, a scroll of teleportation, a +0 robe, a bread ration, a !bad item (cl:100,ty:0,pl:0,pl2:0,sp:0,qu:0), a !bad item (cl:100,ty:0,pl:0,pl2:0,sp:0,qu:0), a !bad item (cl:100,ty:0,pl:0,pl2:0,sp:0,qu:0), a !bad item (cl:100,ty:0,pl:0,pl2:0,sp:0,qu:0), a !bad item (cl:100,ty:0,pl:0,pl2:0,sp:0,qu:0), a !bad item (cl:100,ty:0,pl:0,pl2:0,sp:0,qu:0), a !bad item (cl:100,ty:0,pl:0,pl2:0,sp:0,qu:0), a !bad item (cl:100,ty:0,pl:0,pl2:0,sp:0,qu:0), a !bad item (cl:100,ty:0,pl:0,pl2:0,sp:0,qu:0), a !bad item (cl:100,ty:0,pl:0,pl2:0,sp:0,qu:0), a !bad item (cl:100,ty:0,pl:0,pl2:0,sp:0,qu:0), a !bad item (cl:100,ty:0,pl:0,pl2:0,sp:0,qu:0), a !bad item (cl:100,ty:0,pl:0,pl2:0,sp:0,qu:0), a !bad item (cl:100,ty:0,pl:0,pl2:0,sp:0,qu:0), a !bad item (cl:100,ty:0,pl:0,pl2:0,sp:0,qu:0), a !bad item (cl:100,ty:0,pl:0,pl2:0,sp:0,qu:0), a !bad item (cl:100,ty:0,pl:0,pl2:0,sp:0,qu:0), a !bad item (cl:100,ty:0,pl:0,pl2:0,sp:0,qu:0), a !bad item (cl:100,ty:0,pl:0,pl2:0,sp:0,qu:0), a !bad item (cl:100,ty:0,pl:0,pl2:0,sp:0,qu:0), a !bad item (cl:100,ty:0,pl:0,pl2:0,sp:0,qu:0), a !bad item (cl:100,ty:0,pl:0,pl2:0,sp:0,qu:0), a !bad item (cl:100,ty:0,pl:0,pl2:0,sp:0,qu:0), a !bad item (cl:100,ty:0,pl:0,pl2:0,sp:0,qu:0), a !bad item (cl:100,ty:0,pl:0,pl2:0,sp:0,qu:0), a !bad item (cl:100,ty:0,pl:0,pl2:0,sp:0,qu:0), a !bad item (cl:100,ty:0,pl:0,pl2:0,sp:0,qu:0), a !bad item (cl:100,ty:0,pl:0,pl2:0,sp:0,qu:0), a !bad item (cl:100,ty:0,pl:0,pl2:0,sp:0,qu:0), a !bad item (cl:100,ty:0,pl:0,pl2:0,sp:0,qu:0), a !bad item (cl:100,ty:0,pl:0,pl2:0,sp:0,qu:0), a !bad item (cl:100,ty:0,pl:0,pl2:0,sp:0,qu:0), a !bad item (cl:100,ty:0,pl:0,pl2:0,sp:0,qu:0), a !bad item (cl:100,ty:0,pl:0,pl2:0,sp:0,qu:0), a !bad item (cl:100,ty:0,pl:0,pl2:0,sp:0,qu:0), a !bad item (cl:100,ty:0,pl:0,pl2:0,sp:0,qu:0), a !bad item (cl:100,ty:0,pl:0,pl2:0,sp:0,qu:0), a !bad item (cl:100,ty:0,pl:0,pl2:0,sp:0,qu:0), a !bad item (cl:100,ty:0,pl:0,pl2:0,sp:0,qu:0), a !bad item (cl:100,ty:0,pl:0,pl2:0,sp:0,qu:0), a !bad item (cl:100,ty:0,pl:0,pl2:0,sp:0,qu:0), a !bad item (cl:100,ty:0,pl:0,pl2:0,sp:0,qu:0), a !bad item (cl:100,ty:0,pl:0,pl2:0,sp:0,qu:0), a !bad item (cl:100,ty:0,pl:0,pl2:0,sp:0,qu:0), a !bad item (cl:100,ty:0,pl:0,pl2:0,sp:0,qu:0), a !bad item (cl:100,ty:0,pl:0,pl2:0,sp:0,qu:0)
     0 | D:1      | Reached XP level 1. HP: 18/18 MP: 1/1
   413 | D:1      | Reached XP level 2. HP: 12/24 MP: 2/2
   743 | D:1      | Reached XP level 3. HP: 27/29 MP: 3/3
  1022 | D:2      | Reached XP level 4. HP: 16/35 MP: 4/4
  1475 | D:1      | Gained mutation: You are covered in fur (AC +1). [potion of mutation]
  1475 | D:1      | Gained mutation: You are robust (+10% HP). [potion of mutation]
  1475 | D:1      | Gained mutation: Your muscles are strong. (Str +2) [potion of mutation]
  1942 | D:2      | Reached skill level 4 in Unarmed Combat
  2029 | D:2      | Found a radiant altar of Vehumet.
  2166 | D:2      | Found a deep blue altar of Sif Muna.
  2367 | D:3      | Reached XP level 5. HP: 39/45 MP: 5/5
  2562 | D:3      | Found a shattered altar of Ashenzari.
  2707 | D:3      | Found a shadowy altar of Dithmenos.
  2707 | D:3      | Found an iron altar of Okawaru.
  2831 | D:3      | Noticed Natasha
  2841 | D:3      | Killed Natasha
  2841 | D:3      | Reached skill level 5 in Unarmed Combat
  3098 | D:3      | Noticed a hippogriff
  3119 | D:3      | Killed a hippogriff
  3119 | D:3      | Reached skill level 6 in Unarmed Combat
  3119 | D:3      | Reached XP level 6. HP: 12/51 MP: 6/6
  3658 | D:4      | Killed from afar by an orc priest

Vault maps used:
D:1:      dpeg_arrival_snail
D:2:      old_standard_altar, led_sif_pool, fountainhead
D:3:      ashenzari_conservatory_becter, gammafunk_temple_overflow_statue,
          uniq_natasha
D:4:      minmay_temple_entry_statues_pillars, first_bread

Action                   |  1- 3 |  4- 6 || total
-------------------------+-------+-------++-------
Melee: Unarmed           |   134 |   197 ||   331
Evoke: Wand              |       |     2 ||     2
  Use: Potion            |     1 |     3 ||     4
       Scroll            |       |     2 ||     2
  Eat: Chunk             |       |     8 ||     8
